 Dungeon Crawl Stone Soup version 0.30.2 (webtiles) character file.

Game seed: 10422670376945784167

98 porpoise the Cudgeller (level 4, -13/28 HPs)
             Began as a Gargoyle Gladiator on Feb 25, 2024.
             Killed by divine providence
             ... invoked by an orc priest
              (14 damage)
             ... on level 3 of the Dungeon.
             The game lasted 00:06:43 (1701 turns).

porpoise the Cudgeller (Gargoyle Gladiator)         Turns: 1701, Time: 00:06:44

Health: -13/28     AC:  7    Str: 17    XL:     4   Next: 69%
Magic:  4/4        EV: 12    Int: 11    God:
Gold:   59         SH:  0    Dex: 11    Spells: 3/3 levels left

rFire   . . .        a - +0 flail
rCold   . . .        (no shield)
rNeg    + . .        b - +0 leather armour
rPois   ∞            c - +0 helmet
rElec   +            (no cloak)
rCorr   .            (no gloves)
SInv    .            (no boots)
Will    .....        (no amulet)
Stlth   +            (no ring)
HPRegen 0.24/turn    (no ring)
MPRegen 0.09/turn

%: no passive effects
@: mighty
A: sickness immunity, AC +3, negative energy resistance 1, electricity
resistance, torment resistance 1, petrification resistance
a: no special abilities


You were on level 3 of the Dungeon.
You visited 1 branch of the dungeon, and saw 3 of its levels.

You collected 59 gold pieces.

Inventory:

Hand Weapons
 a - a +0 flail (weapon)
Missiles
 d - 3 throwing nets (quivered)
 e - a javelin
Armour
 b - a +0 leather armour (worn)
 c - a +0 helmet (worn)
Magical Staves
 o - a staff of fire
Scrolls
 g - a scroll of vulnerability
 h - a scroll of amnesia
 i - a scroll of brand weapon {unknown}
 l - a scroll of enchant armour {unknown}
 m - a scroll of teleportation {unknown}
 n - a scroll of poison {unknown}
Potions
 f - a potion of cancellation
 j - a potion of attraction {unknown}
 k - a potion of haste {unknown}
 p - a potion of resistance {unknown}
 q - a potion of might


   Skills:
 + Level 3.4 Fighting
 * Level 4.6 Maces & Flails
 - Level 1.7 Throwing
 - Level 2.4 Dodging


You had 3 spell levels left.
You didn't know any spells.
Your spell library contained the following spells:

 Spells                   Type           Power      Damage    Failure   Level
 Sting                    Tmut/Pois      0%         1d3       41%         1
 Poisonous Vapours        Pois/Air       0%         N/A       54%         2
 Olgreb's Toxic Radiance  Pois           0%         N/A       99%         4


Dungeon Overview and Level Annotations

Branches:
Dungeon (3/15)

Altars:


Innate Abilities, Weirdness & Mutations

You are immune to sickness and miasma.
Your stone body is resilient. (AC +3)
You are immune to poison.
You resist negative energy. (rN+)
You are resistant to electric shocks. (rElec)
You are resistant to unholy torment.
You are immune to petrification.


Message History

You bump into the rock wall.
The orc wizard casts a spell at you. The magic dart hits you.
The orc wizard attacks as you move away!
The orc wizard hits you with a +0 dagger.
You miss the orc wizard.
The orc wizard is moderately wounded.
The orc wizard mumbles some strange words.
The orc wizard flickers and vanishes!
Deactivating autopickup; reactivate with Ctrl-A.
Something hits you but does no damage.
You bump into the rock wall.
You feel less confused. Something hits you.
You barely miss something. Something hits you but does no damage.
You barely miss something. Something hits you.
You miss something. Something hits you but does no damage.
You miss something. Something hits you but does no damage.
You closely miss something.
You hear some strange, mumbled words.
Something tries to affect you, but you resist.
You barely miss something. Something completely misses you. Something hits you.
You thump something! Something hits you but does no damage.
The orc priest casts a cantrip, but nothing happens.
You sock something!
Reactivating autopickup.
You feel a bit more experienced.
You barely miss the orc. The orc closely misses you.
The orc priest begins to cast a cantrip, but forgets the words!
You sock the orc!
You kill the orc!
The orc priest invokes the aid of Beogh against you.
Beogh smites you!
* * * LOW HITPOINT WARNING * * *
You thump the orc!
You kill the orc!
The orc priest mumbles some strange prayers to Beogh against you.
Beogh smites you!
Ouch! That really hurt!
You die...

.... ..#
..# ... #.#
#o# .##.
#†# ...##
#)# ## ....
#@# ...
...###.#
..#..#<..#
...#...#
#.#.#...#
#...#####.#
###.......#
..#.#######
#.#
#.#.....#


You could see an orc priest.

Vanquished Creatures
  An orc wizard (D:3)
  2 adders (D:2)
  3 worms (D:2)
  2 dart slugs
  2 orcs (D:3)
  2 ball pythons
  3 endoplasms (D:2)
  4 giant cockroaches
  2 goblins
  6 hobgoblins
  2 quokkas (D:2)
  6 bats
  6 kobolds
41 creatures vanquished.

Notes
Turn   | Place    | Note
-------+----------+-------------------------------------------
     0 | D:1      | porpoise the Gargoyle Gladiator began the quest for the
                  | Orb.
     0 | D:1      | Reached XP level 1. HP: 12/12 MP: 1/1
    99 | D:1      | Reached XP level 2. HP: 18/18 MP: 2/2
   815 | D:2      | Reached XP level 3. HP: 16/22 MP: 3/3
   929 | D:2      | Reached skill level 4 in Maces & Flails
  1211 | D:2      | Reached XP level 4. HP: 10/28 MP: 4/4
  1700 | D:3      | HP: 1/28 [orc priest/divine providence (12)]
  1701 | D:3      | Killed from afar by an orc priest

Illustrated notes

Levels and vault maps discovered:
D:1:      dpeg_arrival_arbitrary_b, layout_loops_ring
D:2:      minmay_chambers_of_ones, layout_rooms, skrybe_limestone_x
D:3:      layout_basic, uniq_jessica

Skill      XL: |  1  2  3 |
---------------+----------+-----
Maces & Flails | 4 |  4.6
Fighting       | 3 |  3.4
Throwing       | |  1.7
Dodging        | |  2.4

Action                     |  1- 3 |  4- 6 || total
---------------------------+-------+-------++-------
  Melee: Flail             |   131 |    48 ||   179
  Throw: Throwing net      |     1 |       ||     1
    Use: Scroll            |     3 |       ||     3
         Potion            |       |     1 ||     1
   Stab: Sleeping          |     1 |       ||     1
         Held in net/web   |     1 |       ||     1
 Armour: Leather armour    |    71 |    18 ||    89
  Dodge: Dodged            |   104 |    27 ||   131
